 Dungeon Crawl Stone Soup version 0.17.1-2-g5865329 (webtiles) character file.

74 namelastname112 the Insei (level 4, -1/33 HPs)
             Began as a Draconian Wizard on Jan 11, 2016.
             Slain by a gnoll
             ... wielding a +0 club
              (2 damage)
             ... on level 2 of the Dungeon.
             The game lasted 00:03:18 (2431 turns).

namelastname112 the Insei (Draconian Wizard)        Turns: 2431, Time: 00:03:19

Health: -1/33      AC:  5    Str:  9    XL:     4   Next: 10%
Magic:  8/8        EV: 12    Int: 19    God:
Gold:   88         SH:  0    Dex: 10    Spells: 1 memorised, 8 levels left

rFire  . . .     SeeInvis .     i - +2 dagger (venom)
rCold  . . .     Clarity  .     (armour unavailable)
rNeg   . . .     SustAt   .     (no shield)
rPois  .         Gourm    .     a - +0 hat
rElec  .         Spirit   .     (no cloak)
rCorr  .         Warding  .     (no gloves)
rMut   .         Stasis   .     (no boots)
MR     .....                    (no amulet)
Stlth  ++........               (no ring)
                                (no ring)

@: not resistant to hostile enchantments, unstealthy
A: unfitting armour, cold-blooded, AC +5
a: no special abilities


You were on level 2 of the Dungeon.
You were hungry.

You visited 1 branch of the dungeon, and saw 3 of its levels.

You collected 88 gold pieces.

Inventory:

Hand Weapons
 i - a +2 dagger of venom (weapon)
Missiles
 d - 6 poisoned javelins (quivered)
Armour
 a - a +0 hat (worn)
Scrolls
 e - a scroll of identify {unknown}
 f - a scroll of fear {unknown}
 g - a scroll of recharging {unknown}
 h - a scroll of teleportation {unknown}
 j - a scroll of magic mapping {unknown}
Books
 b - a book of Minor Magic

   Spells                             Type                      Level
   a - Magic Dart                     Conjuration                  1
   b - Blink                          Translocation                2
   c - Call Imp                       Summoning                    2
   d - Repel Missiles                 Charms/Air                   2
   e - Slow                           Hexes                        2
   f - Conjure Flame                  Conjuration/Fire             3
   g - Mephitic Cloud                 Conjuration/Poison/Air       3
Comestibles
 c - a bread ration


   Skills:
 * Level 0.4 Short Blades
 - Level 1.7 Dodging
 * Level 2.1 Stealth
 - Level 3.5 Unarmed Combat
 - Level 3.0 Spellcasting
 - Level 1.0 Conjurations
   Level 1.0 Summonings
   Level 1.0 Translocations


You had 8 spell levels left.
You knew the following spells:

 Your Spells              Type           Power        Failure   Level  Hunger
z - Magic Dart            Conj           #...         12%         1    None


Dungeon Overview and Level Annotations

Branches:
Dungeon (3/15)

Altars:
Dithmenos

Annotations:
D:3 namelastname112's ghost, amateur DrWz


Innate Abilities, Weirdness & Mutations

Your plain brown scales are hard (AC +5).
Your body does not fit into most forms of armour.
You are cold-blooded and may be slowed by cold attacks.


Message History

The gnoll is moderately wounded.
The gnoll misses you. The gnoll hits you with a club.
You hit the gnoll.
The gnoll is poisoned.
The gnoll is heavily wounded.
The gnoll hits you but does no damage. The gnoll barely misses you.
You aren't carrying any potions.
You hit the gnoll but do no damage.
The gnoll looks even sicker.
You tail-slap the gnoll.
The gnoll is heavily wounded.
The gnoll hits you with a club!
* * * LOW HITPOINT WARNING * * *
The gnoll barely misses you.
You hit the gnoll but do no damage.
The gnoll is severely wounded.
The gnoll hits you with a club.
* * * LOW HITPOINT WARNING * * *
You closely miss the gnoll.
The gnoll is severely wounded.
The gnoll hits you with a club.
You die...

#........# #######.######.#
#.......# #.# #.####### #.#
#.# #.# #.# #.# #.# #.# #g#
#.# #@# #.## ########## #g#
#..# .........### #.# ##.#
.†.........# #.# #.#
########.#.# #.# #.# #
#.#.#####.####### #####.## #
##.#.#...........# #....... #
###......###.#####.###.###.##
# #.....#......#
##..........#


You could see 2 gnolls.

Vanquished Creatures
  3 adders (D:2)
  A giant gecko (D:2)
  2 giant cockroaches
  6 goblins
  4 hobgoblins
  2 quokkas (D:2)
  A ball python (D:1)
  9 bats
  10 jackals
  2 kobolds
  5 rats
45 creatures vanquished.

Notes
Turn   | Place    | Note
--------------------------------------------------------------
     0 | D:1      | namelastname112 the Draconian Wizard began the quest for the Orb.
     0 | D:1      | Reached XP level 1. HP: 14/14 MP: 4/4
   298 | D:1      | Reached skill level 1 in Unarmed Combat
   575 | D:1      | Reached XP level 2. HP: 7/20 MP: 3/6
  1525 | D:2      | Reached XP level 3. HP: 5/26 MP: 0/7
  1883 | D:2      | Found a shadowy altar of Dithmenos.
  2259 | D:2      | Reached XP level 4. HP: 33/33 MP: 8/8
  2418 | D:3      | Noticed namelastname112's ghost (amateur DrWz)
  2430 | D:2      | HP: 1/33 [gnoll/club (2)]
  2431 | D:2      | Slain by a gnoll

Action                   |  1- 3 |  4- 6 || total
-------------------------+-------+-------++-------
Melee: Unarmed           |   121 |       ||   121
       Dagger            |    27 |    12 ||    39
Throw: Javelin           |     5 |       ||     5
 Cast: Magic Dart        |    45 |       ||    45
 Stab: Sleeping          |     1 |       ||     1
  Eat: Chunk             |     4 |       ||     4
